 Dungeon Crawl Stone Soup version 0.30-a0-748-ge6a52f7cba (webtiles) character file.

Game seed: 562414254413400935

177 JumpingJurisdiction the Trooper (level 5, -1/47 HPs)
             Began as a Minotaur Berserker on Feb 8, 2023.
             Was a Believer of Jiyva.
             Slain by Pargi (3 damage)
             ... in a sewer.
             The game lasted 00:30:50 (2360 turns).

JumpingJurisdiction the Trooper (MiBe)              Turns: 2360, Time: 00:30:51

Health: -1/47      AC: 11    Str: 26    XL:     5   Next: 30%
Magic:  13/13      EV:  9    Int:  4    God:    Jiyva [**....]
Gold:   107        SH:  0    Dex: 10    Spells: 4/4 levels left

rFire   x . .      SeeInvis .    r - +3 whip
rCold   + . .      Faith    .    (no shield)
rNeg    . . .      Spirit   .    w - +0 chain mail
rPois   .          Reflect  .    (helmet restricted)
rElec   .          Harm     .    h - +0 cloak
rCorr   +          Rampage  .    o - +0 pair of gloves
Will    .....                    (no boots) Stlth
                                 (no amulet)
HPRegen 1.23/turn                e - ring of ice
MPRegen 0.43/turn                s - ring of Ylenloce {MP+9 Str+3 Stlth+}

@: no status effects
A: horns 2, retaliatory headbutt
a: Renounce Religion


You were in a sewer.
You worshipped Jiyva.
Jiyva was pleased with you.
You visited 1 branch of the dungeon, and saw 3 of its levels.
You also visited: Sewer.

You collected 215 gold pieces.
You spent 108 gold pieces at shops.

Inventory:

Hand Weapons
 a - a +0 hand axe
 i - a +0 whip
 j - a +0 club
 p - a +0 mace
 r - a +3 whip (weapon)
Armour
 b - a +0 animal skin
 c - a +0 ring mail
 h - a +0 cloak (worn)
 m - a +0 robe
 o - a +0 pair of gloves (worn)
 w - a +0 chain mail (worn)
Magical Staves
 x - a staff of fire
Jewellery
 e - a ring of ice (left hand)
 s - the ring of Ylenloce (right hand) {MP+9 Str+3 Stlth+}
   (You found it on level 2 of the Dungeon)

   [ring of magical power]

   Str:       It affects your strength (+3).
   MP:        It affects your magic capacity (+9).
   Stlth:     It makes you more stealthy.
Scrolls
 d - 5 scrolls of poison {unknown}
 f - 2 scrolls of identify {unknown}
 k - a scroll of torment {unknown}
 q - 3 scrolls of immolation {unknown}
 u - a scroll of enchant armour {unknown}
 y - a scroll of noise {unknown}
Potions
 g - a potion of might {unknown}
 l - a potion of degeneration {unknown}
 n - a potion of cancellation {unknown}
 t - a potion of invisibility {unknown}
 v - a potion of curing {unknown}


   Skills:
 + Level 4.8 Fighting
 + Level 4.7 Axes
 + Level 3.9 Armour
 + Level 3.5 Dodging


You had 4 spell levels left.
You didn't know any spells.
Your spell library contained the following spells:

 Spells                   Type           Power      Damage    Failure   Level
 Chain Lightning          Conj/Air       0%         N/A       100%        9
 Fire Storm               Conj/Fire      0%         5d1       100%        9
 Shatter                  Erth           0%         3d5*      100%        9


Dungeon Overview and Level Annotations

Branches:
Dungeon (3/15)              Sewer (1/1)

Altars:
Kikubaaqudgha
Jiyva

Shops:
D:1 ?*:([

Annotations:
Sewer Pargi


Innate Abilities, Weirdness & Mutations

You have a pair of horns on your head.
You reflexively headbutt those who attack you in melee.


Message History

Your headbutt misses the frilled lizard.
The frilled lizard barely misses you.
You barely miss the frilled lizard. The frilled lizard barely misses you.
You hit the frilled lizard.
You kill the frilled lizard!
Why would you want to do that?
You enter the shallow water.
Moving in this stuff is going to be slow.
Pargi the Meek comes into view.
Pargi clenches his teeth.
Trog sends monsters to punish you. 2 black bears and 3 polar bears come into view.
The black bear moves out of view.
You closely miss Pargi. The black bear bites you.
The black bear splashes around in the water.
The black bear claws you.
The polar bear rages.
Pargi bites you but does no damage. Pargi closely misses you.
Pargi claws you but does no damage.
You barely miss Pargi.
The black bear splashes around in the water.
The black bear claws you but does no damage.
The black bear splashes around in the water.
You hear an angry growl.
Pargi bites you but does no damage. Pargi claws you but does no damage.
Pargi claws you.
The black bear bites you but does no damage.
The black bear splashes around in the water.
The black bear claws you but does no damage.
The polar bear bites you!! The polar bear claws you. x2
Pargi attacks as you move away! Pargi barely misses you.
Pargi claws you but does no damage. Pargi closely misses you.
The black bear bites you.
The black bear claws you but does no damage.
The black bear splashes around in the water.
The polar bear bites you!
* * * LOW HITPOINT WARNING * * *
The polar bear claws you but does no damage. x2
Pargi attacks as you move away! Pargi bites you.
You die...

## ##≈#####≈###
≈≈##≈≈≈≈≈≈≈≈≈≈####
≈≈≈≈≈≈≈≈≈≈≈≈≈≈≈≈≈#
≈≈≈≈≈≈≈≈≈≈≈≈≈≈≈≈≈#
≈≈≈≈≈≈≈≈≈≈≈≈≈≈≈≈≈####
≈≈≈≈≈≈≈≈≈≈≈≈≈≈≈≈≈≈≈≈#
≈≈≈≈≈≈≈≈≈h≈≈≈≈≈≈≈≈≈≈##
≈≈≈≈≈≈h~hh≈≈≈≈≈≈≈≈≈≈≈##
≈≈≈≈~.h#T@~.≈≈≈≈≈≈≈≈≈≈#
≈≈~.#h####.#~≈≈≈≈≈≈≈≈≈#
.~# ## ###~.~≈≈≈≈≈≈≈# #
###..≈≈≈≈≈≈##
##.†≈≈≈≈≈≈≈ ##†~≈≈≈≈≈≈
##.~≈≈≈≈≈# #.~≈≈≈≈≈##
##.~≈≈≈≈≈≈#


You could see 2 polar bears, Pargi and 2 black bears.

Vanquished Creatures
  A hound (D:3)
  An iguana (D:3)
  Natasha (D:2)
  An adder (D:3)
  5 worms
  3 dart slugs
  2 endoplasms
  3 giant cockroaches
  9 goblins
  4 hobgoblins
  3 jackals (D:3)
  9 kobolds
  A quokka (D:2)
  6 ball pythons
  9 bats
  6 frilled lizards
  4 rats
68 creatures vanquished.

Vanquished Creatures (others)
  Natasha (D:2)
  A worm (D:2)
  A dart slug (D:2)
  A giant cockroach (D:2)
  4 jackals
  A ball python (D:2)
  2 plants (D:2)
11 creatures vanquished.

Grand Total: 79 creatures vanquished

Notes
Turn   | Place    | Note
-------+----------+-------------------------------------------
     0 | D:1      | JumpingJurisdiction the Minotaur Berserker began the quest
                  | for the Orb.
     0 | D:1      | Reached XP level 1. HP: 19/19 MP: 0/0
   106 | D:1      | Found Vitwakat's Antique Armour Shoppe.
   194 | D:1      | Found Baar Gyiqu's Magic Scroll Shop.
   195 | D:1      | Found Lolesuxup's General Store.
   197 | D:1      | Reached XP level 2. HP: 21/27 MP: 1/1
   258 | D:1      | Bought a cloak for 108 gold pieces
   298 | D:1      | Found Lerek's Antique Weapon Shop.
   341 | D:1      | Found Tydit's Book Shop.
   420 | D:1      | Reached ** piety under Trog
   452 | D:1      | Reached XP level 3. HP: 33/33 MP: 2/2
  1009 | D:2      | Found a faded altar of an unknown god.
  1034 | D:2      | Prayed at the altar of an unknown god.
  1034 | D:2      | Fell from the grace of Trog
  1034 | D:2      | Became a worshipper of Jiyva Jyqoh the Shapeless
  1034 | D:2      | Reached * piety under Jiyva
  1301 | D:2      | Identified the ring of Ylenloce {MP+9 Str+3 Stlth+}
  1843 | D:2      | Noticed Natasha
  1846 | D:2      | Killed Natasha
  1847 | D:2      | Reached XP level 4. HP: 41/41 MP: 3/3
  1851 | D:2      | Killed Natasha
  1998 | D:3      | Found an ancient bone altar of Kikubaaqudgha.
  2166 | D:3      | Reached ** piety under Jiyva
  2177 | D:3      | Reached XP level 5. HP: 43/47 MP: 4/4
  2282 | D:3      | Found a glowing drain.
  2325 | Sewer    | Entered a sewer
  2354 | Sewer    | Noticed Pargi
  2356 | Sewer    | Noticed a black bear
  2356 | Sewer    | Noticed a black bear
  2356 | Sewer    | Noticed a polar bear
  2356 | Sewer    | Noticed a polar bear
  2356 | Sewer    | Noticed a polar bear
  2359 | Sewer    | HP: 2/47 [polar bear[the rage of Trog] (13)]
  2360 | Sewer    | Slain by Pargi

Illustrated notes

Levels and vault maps discovered:
D:1:      minmay_arrival_open_corners, layout_rooms, serial_shops,
          nicolae_shop_advertising_works [nicolae_subvault_shop_adworks], shop,
          nicolae_square_shop, shop_coins, nicolae_shop_waterfront
D:2:      layout_basic, chequers_ecumenical_altar_lobes, uniq_natasha
D:3:      layout_loops_ring, mainiacjoe_overflow_tiny_flanked,
          gammafunk_temple_overflow_claw, cheibrodos_sewer_entry_sluice,
          feat_on_display
Sewer:    sewer_co_pargi_island

Skill      XL: |  1  2  3 |
---------------+----------+-----
Fighting       | 4 |  4.8
Axes           | 4 |  4.7
Armour         | 3 |  3.9
Dodging        | 3 |  3.5

Action                     |  1- 3 |  4- 6 || total
---------------------------+-------+-------++-------
  Melee: Hand axe          |    22 |       ||    22
         Headbutt          |    12 |     5 ||    17
         Whip              |    65 |    46 ||   111
         Staff             |       |    19 ||    19
 Armour: Ring mail         |    34 |     5 ||    39
         Chain mail        |       |    41 ||    41
  Dodge: Dodged            |    59 |    23 ||    82

Table legend: (Time is in decaauts)
 A = Elapsed time spent in this place.
 B = Non-inter-level travel time spent in this place.
 C = Inter-level travel time spent in this place.
 D = Time resting spent in this place.
 E = Time spent auto-exploring this place.
 F = Levels seen in this place.
 G = Mean time per level.
                   A        B        C        D        E       F      G
               +--------+--------+--------+--------+--------+-----+--------+
         Total |   2374 |    929 |   1445 |    428 |      0 |   4 |  593.5 |
       Dungeon |   2337 |    892 |   1445 |    428 |      0 |   3 |  779.0 |
         Sewer |     37 |     37 |      0 |      0 |      0 |   1 |   37.0 |
               +--------+--------+--------+--------+--------+-----+--------+

Top non-repeatable levels by time:
     D:2: 1255 daAuts
     D:1: 689 daAuts
     D:3: 392 daAuts
   Sewer: 37 daAuts
